 Dungeon Crawl Stone Soup version 0.13-a0-2477-geaae114 (webtiles) character file.

1323 Gabry the Shield-Bearer (level 8, -6/68 HPs)
             Began as a Hill Orc Fighter on July 19, 2013.
             Was a Believer of Okawaru.
             Killed by divine providence
             ... invoked by an orc priest
              (10 damage)
             ... on Level 6 of the Dungeon.
             The game lasted 00:50:46 (4254 turns).

Gabry the Shield-Bearer (Hill Orc Fighter)          Turns: 4254, Time: 00:50:46

HP  -6/68        AC 17     Str 20      XL: 8   Next: 31%
MP   7/7         EV  7     Int  8      God: Okawaru [**....]
Gold 233         SH 22     Dex 11      Spells:  0 memorised,  7 levels left

Res.Fire  : . . .   See Invis. : .   f - +2,+4 hand axe
Res.Cold  : . . .   Warding    : .   b - +2 orc scale mail
Life Prot.: . . .   Conserve   : .   c - +0 orc shield
Res.Poison: .       Res.Corr.  : .   (no helmet)
Res.Elec. : .       Clarity    : .   k - +2 dwarf cloak
Sust.Abil.: . .     Spirit.Shd : .   (no gloves)
Res.Mut.  : .       Stasis     : +   (no boots)
Res.Rott. : .       Flight     : .   y - amulet of stasis
Saprovore : + . .                    s - ring of wizardry
                                     z - +4 ring of protection

@: slightly resistant to hostile enchantments, extremely unstealthy
A: saprovore 1
a: Heroism, Renounce Religion, Convert to Beogh


You were on level 6 of the Dungeon.
You worshipped Okawaru.
Okawaru was most pleased with you.
You were hungry.

You visited 2 branches of the dungeon, and saw 7 of its levels.

You collected 284 gold pieces.
You spent 71 gold pieces at shops.

Inventory:

Hand weapons
 a - a +0,+0 orcish mace
 f - a +2,+4 hand axe (weapon)
 g - a +0,+0 dagger
 h - a +2,+1 dagger
 n - a +3,+2 dwarven dagger (quivered)
 o - a +0,+0 club
 v - a +1,+0 orcish dagger of draining
 x - a +1,+0 elven sabre of holy wrath
 M - the +3,+6 quarterstaff "Shrum" {freeze, rN+ Str+3 SInv, unknown}
   (You found it on level 6 of the Dungeon)

   It has been specially enchanted to freeze those struck by it, causing extra
   injury to most foes and up to double damage against particularly susceptible
   opponents.
   It can also slow down cold-blooded creatures.
   It affects your strength (+3).
   It protects you from negative energy.
   It enhances your eyesight.
 O - the +3,+5 mace of the Mind {crush, SInv, unknown}
   (You found it on level 6 of the Dungeon)

   It inflicts extra damage upon your enemies.
   It enhances your eyesight.
Armour
 b - a +2 orcish scale mail (worn)
 c - a +0 orcish shield (worn)
 k - a +2 dwarven cloak (worn)
 p - a +0 scale mail
 K - a +0 helmet
Magical devices
 u - a wand of teleportation (4) {unknown}
Comestibles
 d - 2 meat rations
 q - 7 bread rations
Scrolls
 e - 10 scrolls of remove curse
 w - 2 scrolls of blinking {unknown}
 B - a scroll of amnesia {unknown}
 E - 2 scrolls of fog {unknown}
 F - 3 scrolls of teleportation
 G - a scroll of fear {unknown}
 H - a scroll of recharging {unknown}
 I - a scroll of noise
 L - a scroll of magic mapping {unknown}
Jewellery
 s - a ring of wizardry (right hand)
 y - an amulet of stasis (around neck)
 z - a +4 ring of protection (left hand)
 N - a +0,+8 ring of slaying {unknown}
Potions
 i - a potion of degeneration {unknown}
 j - a potion of curing
 l - a potion of paralysis {unknown}
 m - a potion of porridge {unknown}
 r - 2 potions of heal wounds {unknown}
 t - a potion of confusion {unknown}
 A - a potion of poison {unknown}
 D - a potion of agility {unknown}
Books
 J - a book of Battle

   Spells                             Type                      Level
   Infusion                           Charms                       1
   Shroud of Golubria                 Charms/Translocation         2
   Song of Slaying                    Charms                       2
   Spectral Weapon                    Hexes/Charms                 3
   Regeneration                       Charms/Necromancy            3
   Song of Shielding                  Charms                       4


   Skills:
 + Level 5.1 Fighting
 + Level 4.6 Axes
 + Level 2.8 Maces & Flails
 + Level 5.2 Armour
 + Level 3.7 Dodging
 + Level 0.6 Stealth
 + Level 6.7 Shields


You had 7 spell levels left.
You didn't know any spells.

Dungeon Overview and Level Annotations

Branches:
Dungeon (6/27)             Temple (1/1) D:4
    Orc: D:6-11

Altars:
Ashenzari
Cheibriados
Fedhas
Kikubaaqudgha
Makhleb
Nemelex Xobeh
Okawaru
Vehumet
Xom
Yredelemnul
Zin
the Shining One

Shops:
D:5: *


Innate Abilities, Weirdness & Mutations

You can tolerate rotten meat.


Message History

Items here: $ )) [[ an orcish club an orcish ring mail; an orcish leather armour; 18 gold pieces The orc priest's eyes start to glow.
The orc priest calls down the wrath of Beogh upon you.
You resist.
You are feeling hungry.
The orc priest invokes the aid of Beogh against you.
Something smites you!
* * * LOW HITPOINT WARNING * * *
The orc priest looks stronger.
The orc priest calls down the wrath of Beogh upon you.
Pain shoots through your body!
* * * LOW HITPOINT WARNING * * *
The orc priest calls down the wrath of Beogh upon you.
Something smites you!
* * * LOW HITPOINT WARNING * * *
The orc priest calls down the wrath of Beogh upon you.
Something smites you!
You die...

#.##........?......#
##.................#
#....#.............#
#...##.............#
##.##..............#
#.#................#
##.................#
#.#...............#
##@...............#
#.................#
#.....(...........#
#.................#
#.................#
#.................#
#.................#
#.................#
##o................#


You could see an orc priest.

Vanquished Creatures
  An orc warrior (D:6)
  A sky beast (D:6)
  A yellow wasp (D:6)
  An ogre (D:5)
  A phantom (D:5)
  5 scorpions (D:5)
  An iguana (D:5)
  An orc wizard (D:3)
  4 worker ants
  A jelly (D:6)
  8 adders
  6 gnolls
  7 giant mites
  2 worms
  An adder skeleton (D:3)
  4 giant geckos
  7 oozes
  19 orcs
  9 bats
  9 giant cockroaches
  7 hobgoblins
  6 jackals
  2 ball pythons (D:1)
  A giant cockroach zombie (D:5)
  5 giant newts
  11 goblins
  A goblin skeleton (D:4)
  A hobgoblin skeleton (D:4)
  A hobgoblin zombie (D:5)
  4 kobolds
  A kobold zombie (D:6)
  An orc skeleton (D:4)
  18 rats
148 creatures vanquished.

Vanquished Creatures (others)
  2 fungi (D:5)
2 creatures vanquished.

Grand Total: 150 creatures vanquished

Notes
Turn   | Place    | Note
--------------------------------------------------------------
     0 | D:1      | Gabry, the Hill Orc Fighter, began the quest for the Orb.
     0 | D:1      | Reached XP level 1. HP: 19/19 MP: 0/0
    31 | D:1      | Reached XP level 2. HP: 20/26 MP: 1/1
    71 | D:1      | Reached skill level 4 in Fighting
   106 | D:1      | Reached XP level 3. HP: 15/33 MP: 2/2
   773 | D:2      | Reached XP level 4. HP: 35/40 MP: 3/3
   800 | D:2      | Reached skill level 1 in Dodging
  1454 | D:3      | Reached skill level 1 in Axes
  1457 | D:3      | Reached XP level 5. HP: 40/46 MP: 4/4
  1934 | D:4      | Reached XP level 6. HP: 53/53 MP: 5/5
  2076 | D:4      | Found a staircase to the Ecumenical Temple.
  2092 | Temple   | Entered the Ecumenical Temple
  2233 | Temple   | Became a worshipper of Warmaster Okawaru
  2479 | D:5      | Entered Level 5 of the Dungeon
  2496 | D:5      | Reached skill level 5 in Shields
  2557 | D:5      | Reached XP level 7. HP: 46/60 MP: 6/6
  2693 | D:5      | Reached skill level 5 in Fighting
  2785 | D:5      | Acquired Okawaru's first power
  3424 | D:5      | Found Liesm's General Store.
  3445 | D:5      | Bought a scroll of enchant weapon II for 71 gold pieces
  3818 | D:6      | Reached skill level 6 in Shields
  3894 | D:6      | Got an iridescent quarterstaff
  3950 | D:6      | Reached XP level 8. HP: 44/68 MP: 7/7
  4084 | D:6      | Got a polished mace
  4133 | D:6      | Reached skill level 5 in Armour
  4254 | D:6      | Killed from afar by an orc priest

Action                   |  1- 3 |  4- 6 |  7- 9 || total
-------------------------+-------+-------+-------++-------
Melee: Mace              |   112 |       |       ||   112
       Hand axe          |    40 |   234 |   214 ||   488
  Use: Scroll            |     1 |     9 |     5 ||    15
       Potion            |       |     1 |     2 ||     3
 Stab: Distracted        |       |     1 |       ||     1
